 Dungeon Crawl Stone Soup version 0.27.1-1-g398f81649c (webtiles) character file.

Game seed: 17268436336995301990

2 chaosape the Ducker (level 1, -1/20 HPs)
             Began as a Gnoll Wanderer on Sept 21, 2021.
             Slain by a quokka (5 damage)
             ... on level 1 of the Dungeon.
             The game lasted 00:00:20 (92 turns).

chaosape the Ducker (Gnoll Wanderer)                  Turns: 92, Time: 00:00:20

Health: -1/20      AC:  2    Str:  9    XL:     1   Next: 30%
Magic:  1/1        EV: 10    Int: 14    God:
Gold:   0          SH:  7    Dex: 10    Spells: 0/0 levels left

rFire    . . .     SeeInvis .   a - +0 dagger
rCold    . . .     Faith    .   e - +0 kite shield
rNeg     . . .     Spirit   .   d - +0 robe
rPois    .         Reflect  .   (no helmet)
rElec    .         Harm     .   (no cloak)
rCorr    .         Rampage  .   (no gloves)
Will     .....                  (no boots)
Stlth    ++........             (no amulet)
HPRegen  0.06/turn              (no ring)
MPRegen  0.07/turn              (no ring)

@: no status effects
A: fangs 1, strong nose, distributed training
a: no special abilities


You were on level 1 of the Dungeon.
You visited 1 branch of the dungeon, and saw 1 of its levels.

Inventory:

Hand Weapons
 a - a +0 dagger (weapon)
Armour
 d - a +0 robe (worn)
 e - a +0 kite shield (worn)
Scrolls
 b - a scroll of teleportation
Potions
 c - a potion of lignification


   Skills:
 + Level 4.4 Fighting
 + Level 0.0 Short Blades
 + Level 0.0 Long Blades
 + Level 0.0 Axes
 + Level 0.0 Maces & Flails
 + Level 0.0 Polearms
 + Level 0.0 Staves
 + Level 0.0 Slings
 + Level 0.0 Bows
 + Level 0.0 Crossbows
 + Level 2.3 Throwing
 + Level 0.0 Armour
 + Level 4.4 Dodging
 + Level 2.1 Stealth
 + Level 2.3 Shields
 + Level 0.0 Unarmed Combat
 + Level 0.0 Spellcasting
 + Level 0.0 Conjurations
 + Level 3.6 Hexes
 + Level 0.0 Summonings
 + Level 0.0 Necromancy
 + Level 0.0 Translocations
 + Level 0.0 Transmutations
 + Level 0.0 Fire Magic
 + Level 0.0 Ice Magic
 + Level 0.0 Air Magic
 + Level 1.9 Earth Magic
 + Level 0.0 Poison Magic
 + Level 0.1 Invocations
 + Level 0.0 Evocations


You couldn't memorise any spells.
You didn't know any spells.
Your spell library was empty.

Dungeon Overview and Level Annotations

Branches:
Dungeon (1/15)

Altars:

Annotations:
D:1 1 runed translucent door


Innate Abilities, Weirdness & Mutations

You have very sharp teeth.
Your uncanny sense of smell can sniff out nearby items.
Your experience applies equally to all skills.


Message History

The endoplasm quivers.
You hit the endoplasm.
The endoplasm is moderately wounded.
The endoplasm barely misses you.
You hit the endoplasm but do no damage.
The endoplasm is moderately wounded.
The endoplasm freezes you.
You are frozen.
You hit the endoplasm.
The endoplasm is severely wounded.
The endoplasm freezes you.
You are frozen.
You block the endoplasm's attack.
You hit the endoplasm.
You kill the endoplasm!
The quokka bites you.
You hit the quokka.
The quokka is lightly wounded.
You block the quokka's attack. The quokka bites you.
You are too injured to fight recklessly!
You are too injured to fight recklessly!
You are too injured to fight recklessly!
You are too injured to fight recklessly!
You are too injured to fight recklessly!
You closely miss the quokka. The quokka closely misses you.
You block the quokka's attack.
You closely miss the quokka. You bite the quokka, but do no damage.
The quokka bites you but does no damage.
You hit the quokka but do no damage. The quokka barely misses you.
The quokka bites you.
* * * LOW HITPOINT WARNING * * *
You barely miss the quokka. The quokka bites you.
* * * LOW HITPOINT WARNING * * *
You hit the quokka.
The quokka is moderately wounded.
The quokka closely misses you. The quokka barely misses you.
Your shield prevents you from hitting the quokka.
Your bite misses the quokka.
The quokka is moderately wounded.
The quokka bites you.
You die...

#....# #....# #....#
##### #....# #....
##....# #.....#.....#
#.....#.....####
......!.@r......
.....##.########
........#
.....##.#############
.....................
.............########
#############†.#
BB.....∆ #..# B......
#..#


You could see a quokka.

Vanquished Creatures
  An endoplasm (D:1)
  A rat (D:1)
2 creatures vanquished.

Notes
Turn   | Place    | Note
-------+----------+-------------------------------------------
     0 | D:1      | chaosape the Gnoll Wanderer began the quest for the Orb.
     0 | D:1      | chaosape set off with the following items: a +0 dagger, a
                  | scroll of teleportation, a potion of lignification, a +0
                  | robe, a +0 kite shield
     0 | D:1      | Reached XP level 1. HP: 20/20 MP: 1/1
     1 | D:1      | Found a runed translucent door.
    92 | D:1      | Slain by a quokka

Illustrated notes

Levels and vault maps discovered:
D:1:      dpeg_arrival_caged_fury, layout_basic, st_stairs_13,
          amcnicky_mini_pool_small, glass_columns_b

Action                   || total
-------------------------++-------
Melee: Dagger            ||    15
       Bite              ||     1
Armor: Robe              ||     3
Dodge: Dodged            ||     6
Block: Kite shield       ||     3
